 Dungeon Crawl Stone Soup version 0.31-a0-145-g046c7d2549 (webtiles) character file.

Game seed: 7814755064699157184

12035 Faragor the Eclecticist (level 11, -7/54 HPs)
             Began as a Deep Elf Ice Elementalist on June 5, 2023.
             Was a Believer of Vehumet.
             Mangled by a blink frog (16 damage)
             ... on level 1 of the Lair of Beasts.
             The game lasted 01:39:21 (20945 turns).

Faragor the Eclecticist (DEIE)                     Turns: 20945, Time: 01:39:21

Health: -7/54      AC:  7    Str:  5    XL:     11   Next: 57%
Magic:  20/32      EV: 17    Int: 25    God:    Vehumet [**....]
Gold:   366        SH:  0    Dex: 15    Spells: 15/41 levels left

rFire   x . .        j - +1 short sword (protect)
rCold   + . .        (no shield)
rNeg    . . .        D - +2 robe {Archmagi}
rPois   .            f - +0 helmet
rElec   .            t - +0 cloak
rCorr   .            y - +0 pair of gloves
SInv    .            (no boots)
Will    +....        A - amulet of magic regeneration
Stlth   +++++        c - +5 ring of evasion
HPRegen 0.29/turn    v - ring of ice
MPRegen 0.63/turn

%: archmagi
@: lethally poisoned (-7 -> -10), about to teleport, marked
A: no striking features
a: Renounce Religion


You were on level 1 of the Lair of Beasts.
You worshipped Vehumet.
Vehumet was pleased with you.
You visited 2 branches of the dungeon, and saw 11 of its levels.

You collected 726 gold pieces.
You spent 360 gold pieces at shops.

Inventory:

Hand Weapons
 d - a +2 short sword of speed
 j - a +1 short sword of protection (weapon)
 m - a +4 hand axe of flaming
 p - a +0 vampiric scythe
 s - a +3 quarterstaff of chaos
 w - a +0 orcbow
 C - a +0 club
 M - a +4 trident
 O - a +3 scimitar of holy wrath
 V - a +2 antimagic falchion
Missiles
 n - 3 throwing nets
Armour
 a - a +0 robe
 f - a +0 helmet (worn)
 h - a +1 robe
 t - a +0 cloak (worn)
 y - a +0 pair of gloves (worn)
 D - a +2 robe of the Archmagi (worn)
 F - +0 steam dragon scales
 N - a +1 robe of fire resistance
Jewellery
 c - a +5 ring of evasion (left hand)
 k - a ring of fire
 l - a ring of positive energy
 v - a ring of ice (right hand)
 x - a +6 ring of strength
 A - an amulet of magic regeneration (around neck)
 B - an amulet of the acrobat
 H - a +6 ring of strength
 R - a ring of flight
Wands
 b - a wand of roots (3)
 e - a wand of flame (49)
 G - a wand of polymorph (4)
 L - a wand of light (14)
 Q - a wand of mindburst (12)
 W - a wand of paralysis (5)
Scrolls
 o - 2 scrolls of enchant weapon
 q - 4 scrolls of silence
 r - a scroll of immolation {unknown}
 u - a scroll of enchant armour
 J - a scroll of fear
 P - 3 scrolls of identify
 X - 3 scrolls of poison
 Y - a scroll of noise {unknown}
Potions
 g - a potion of mutation (quivered)
 i - a potion of resistance
 E - a potion of might
 K - a potion of lignification
 S - a potion of brilliance
 T - a potion of haste
 U - a potion of degeneration {unknown}


   Skills:
 - Level 2.5 Dodging
 + Level 11.2 Stealth
 * Level 15.5 Spellcasting
 + Level 4.4 Necromancy
 + Level 10.2 Ice Magic
 + Level 6.9 Air Magic


You had 15 spell levels left.
You knew the following spells:

 Your Spells              Type           Power      Damage    Failure   Level
a - Freeze                Ice            100%       1d10      1%          1
b - Frozen Ramparts       Ice            100%       1d16      1%          3
c - Ozocubu's Armour      Ice            100%       N/A       1%          3
d - Wereblood             Tmut           29%        N/A       4%          2
e - Animate Dead          Necr           58%        N/A       4%          4
f - Summon Ice Beast      Ice/Summ       79%        N/A       3%          4
g - Airstrike             Air            34%        2d(5-21)  1%          4
h - Summon Lightning Spi  Summ/Air       53%        N/A       7%          4
i - Sandblast             Erth           58%        2d13      2%          1

Your spell library contained the following spells:

 Spells                   Type           Power      Damage    Failure   Level
 Scorch                   Fire           58%        2d7       4%          2
 Shock                    Conj/Air       100%       1d9       1%          1
 Swiftness                Air            69%        N/A       1%          3
 Beastly Appendage        Tmut           58%        N/A       2%          1
 Spider Form              Tmut/Pois      29%        N/A       9%          3
 Animate Armour           Summ/Erth      58%        N/A       28%         4
 Blade Hands              Tmut           14%        N/A       61%         5
 Haunt                    Necr/Summ      22%        N/A       100%        7
 Malign Gateway           Summ/Tloc      14%        N/A       100%        7
 Infestation              Necr           29%        N/A       100%        8
 Summon Horrible Things   Summ           14%        N/A       100%        8


Dungeon Overview and Level Annotations

Branches:
Dungeon (10/15)            Temple (0/1) D:6            Lair (1/5) D:10
    Orc: D:9-12

Altars:
Dithmenos
Hepliaklqana
Nemelex Xobeh
Okawaru
Ru
Sif Muna
Trog
Uskayaw
Vehumet
Xom
Yredelemnul
Zin

Shops:
D:6 =   D:7 *

Annotations:
D:3 sigmund alto sinistra
D:6 fantasma di merda
D:7 shop
D:8 shadow e fantasma
D:9 sif muna con libri


Message History

Your black bear zombie barely misses the cane toad. x2
Your black bear zombie closely misses the cane toad.
The blink frog blinks!
Casting: Airstrike (dangerous; 1% risk of failure)
Confirm with . or Enter, or press ? or * to list all spells.
Aiming: Sandblast (safe; 2% risk of failure)
Press: ? - help, Shift-Dir - straight line, f - blink frog
Aim: a blink frog (ally target, 70% to hit)
Okay, then.
You feel much better.
You feel very sick.
Your wolf zombie barely misses the cane toad.
Your black mamba zombie barely misses the blink frog.
The blink frog blinks!
The cane toad stings you but does no damage.
Your wolf zombie closely misses the cane toad.
Casting: Sandblast (safe; 2% risk of failure)
Confirm with . or Enter, or press ? or * to list all spells.
You feel a strong surge of power! A chill wind blows around you.
You feel sick.
The blink frog blinks!
The cane toad misses you.
The blink frog blinks!
Your icy armour will break if you move.
Continue?
Uppercase [Y]es or [N]o only, please.
Your icy armour will break if you move.
Continue?
Your icy armour cracks and falls away as you move.
You feel sick.
Your black bear zombie closely misses the cane toad. x2
Your black bear zombie claws the cane toad.
The blink frog blinks!
The blink frog hits your ice beast. The cane toad stings you!
* * * LOW HITPOINT WARNING * * *
As you read the scroll of teleportation, it crumbles to dust.
You feel strangely unstable.
You feel sick.
Your black bear zombie barely misses the cane toad.
Your black bear zombie claws the cane toad.
Your black bear zombie claws the cane toad but does no damage.
The cane toad barely misses you.
You feel sick.
The cane toad stings your black mamba zombie.
The blink frog hits you!
You die...

............####..#####
...........####.......
#..........##........
#..........##....####
#..F......# ##..##
###..†Z?...# #..#
#....F..†..####..#
#.?..ZZ....#.##..#
+....@F8.........##
#.#...FY..........#
+..........P##...#####
###..)...†.####.......
#........# #........
#P........# ##...####
#.........# #..##
##........# #..# ....
#..#


You could see 2 cane toads, 2 blink frogs, a friendly ice beast (summoned), a
friendly lightning spire (summoned), a friendly black mamba zombie, a friendly
wolf zombie and a friendly black bear zombie.

Vanquished Creatures
  Joseph (D:7)
  Maurice (D:9)
  A komodo dragon (D:10)
  A hornet (D:9)
  3 blink frogs (Lair:1)
  Prince Ribbit (D:5)
  A shadow (D:9)
  Sigmund (D:3)
  A nameless horror (D:6)
  3 yaks (D:9)
  A steam dragon (D:8)
  An acid dragon (D:9)
  A water moccasin (D:6)
  Duvessa (D:4)
  An ice beast (D:4)
  A sky beast (D:6)
  2 centaurs
  Blork the orc (D:4)
  A gnoll sergeant (D:5)
  2 bullfrogs
  2 scorpions
  2 wights (D:8)
  2 killer bees (D:9)
  A gnoll bouda (D:4)
  4 hounds
  6 orc priests
  A jelly (D:4)
  2 sleepcaps (D:5)
  Jessica (D:3)
  Ijyb (D:3)
  Natasha (thrice) (D:3)
  An iguana (D:6)
  9 orc wizards
  11 adders
  14 gnolls
  3 white imps
  3 ufetubi
  2 worms (D:3)
  5 dart slugs
  23 orcs
  4 endoplasms
  4 giant cockroaches
  2 goblins
  4 hobgoblins
  9 jackals
  5 quokkas
  2 ball pythons (D:4)
  6 bats
  5 frilled lizards
  7 kobolds
  4 rats
174 creatures vanquished.

Vanquished Creatures (collateral kills)
  A two-headed ogre (D:7)
  2 black mambas (Lair:1)
  A komodo dragon (Lair:1)
  7 blink frogs (Lair:1)
  A human (D:10)
  7 yaks (D:9)
  2 vampire mosquitoes (D:9)
  2 steam dragons
  Menkaure (D:6)
  An acid dragon (D:9)
  A sky beast (D:8)
  2 orc warriors
  A black bear (Lair:1)
  4 wolves (Lair:1)
  A phantom (D:6)
  A kobold brigand (D:10)
  4 bullfrogs (Lair:1)
  A scorpion (D:7)
  A gnoll sergeant (D:6)
  A wight (D:8)
  Dowan (D:4)
  5 howler monkeys
  9 killer bees
  A human zombie (D:10)
  2 jellies
  Crazy Yiuf (D:3)
  2 orc priests
  An iguana (D:6)
  3 orc wizards
  An adder (D:4)
  A shadow imp (D:7)
  A white imp (D:7)
  A dart slug (D:4)
  10 orcs
  5 kobolds (D:10)
  A goblin zombie (D:8)
  A kobold skeleton (D:10)
  A rat zombie (D:8)
89 creatures vanquished.

Vanquished Creatures (others)
  A wolf zombie (Lair:1)
  A bullfrog zombie (Lair:1)
  An orc wizard (D:7)
3 creatures vanquished.

Grand Total: 266 creatures vanquished

Notes
Turn   | Place    | Note
-------+----------+-------------------------------------------
     0 | D:1      | Faragor the Deep Elf Ice Elementalist began the quest for
                  | the Orb.
     0 | D:1      | Reached XP level 1. HP: 10/10 MP: 6/6
   541 | D:1      | Reached XP level 2. HP: 5/15 MP: 1/8
  1372 | D:2      | Reached skill level 4 in Spellcasting
  1372 | D:2      | Reached XP level 3. HP: 16/19 MP: 6/10
  1507 | D:2      | Learned a level 3 spell: Frozen Ramparts
  1511 | D:2      | Learned a level 3 spell: Ozocubu's Armour
  1514 | D:2      | Learned a level 2 spell: Wereblood
  1935 | D:2      | Found an iron altar of Okawaru.
  2187 | D:2      | Reached XP level 4. HP: 24/24 MP: 9/12
  2740 | D:3      | Noticed Jessica
  2740 | D:3      | Noticed Natasha
  2740 | D:3      | Noticed Ijyb
  2761 | D:3      | Killed Natasha
  2762 | D:3      | Reached skill level 5 in Spellcasting
  2762 | D:3      | Reached skill level 5 in Ice Magic
  2793 | D:3      | Killed Ijyb
  2795 | D:3      | Killed Jessica
  2796 | D:3      | Reached XP level 5. HP: 12/28 MP: 10/15
  2876 | D:3      | Noticed Natasha
  2884 | D:3      | Killed Natasha
  3010 | D:3      | Found a faded altar of an unknown god.
  3077 | D:3      | Noticed Natasha
  3082 | D:3      | Killed Natasha
  3091 | D:3      | Reached skill level 6 in Spellcasting
  3599 | D:3      | Noticed Sigmund
  3924 | D:3      | Reached XP level 6. HP: 32/32 MP: 4/17
  4255 | D:3      | Found a bloodstained altar of Trog.
  4514 | D:3      | Found a runed translucent door.
  4515 | D:3      | Noticed Crazy Yiuf
  4763 | D:4      | Noticed Dowan
  4766 | D:4      | Noticed Duvessa
  5017 | D:5      | Entered Level 5 of the Dungeon
  5534 | D:5      | Reached skill level 7 in Spellcasting
  5535 | D:5      | Reached skill level 5 in Stealth
  5593 | D:5      | Noticed Prince Ribbit
  5620 | D:5      | Killed Prince Ribbit
  5621 | D:5      | Reached XP level 7. HP: 36/36 MP: 6/20
  5862 | D:5      | Reached skill level 8 in Spellcasting
  6958 | D:5      | Learned a level 3 spell: Spider Form
  6986 | D:4      | Noticed Blork the orc
  6993 | D:4      | Killed Blork the orc
  7281 | D:4      | Learned a level 4 spell: Summon Ice Beast
  7296 | D:4      | Reached skill level 9 in Spellcasting
  7373 | D:4      | Learned a level 4 spell: Airstrike
  7378 | D:4      | Learned a level 4 spell: Summon Lightning Spire
  7613 | D:4      | Killed Duvessa
  7614 | D:4      | Reached XP level 8. HP: 27/41 MP: 12/23
  7622 | D:4      | Killed Dowan
  7644 | D:4      | Reached skill level 1 in Air Magic
  9158 | D:3      | Killed Sigmund
  9159 | D:3      | Reached skill level 10 in Spellcasting
  9329 | D:3      | Killed Crazy Yiuf
  9686 | D:6      | Noticed Menkaure
 10120 | D:6      | Killed Menkaure
 10294 | D:6      | Found a sacrificial altar of Ru.
 10405 | D:6      | Found a staircase to the Ecumenical Temple.
 10563 | D:6      | Found Hiedd's Jewellery Shop.
 10566 | D:6      | Bought an amulet of magic regeneration for 360 gold pieces
 10933 | D:6      | Found a radiant altar of Vehumet.
 10951 | D:6      | Became a worshipper of Vehumet
 11699 | D:6      | Noticed a nameless horror
 11700 | D:6      | Reached XP level 9. HP: 45/45 MP: 12/25
 11702 | D:6      | Killed a nameless horror
 12366 | D:7      | Reached skill level 11 in Spellcasting
 12629 | D:7      | Noticed a two-headed ogre
 12636 | D:7      | Killed a two-headed ogre
 12638 | D:7      | Reached skill level 12 in Spellcasting
 12940 | D:7      | Noticed Joseph
 13318 | D:7      | You fall into a shaft and drop 1 floor!
 13626 | D:8      | Reached * piety under Vehumet
 13626 | D:8      | Offered knowledge of Magic Dart by Vehumet.
 13689 | D:8      | Found a hide-covered altar of Uskayaw.
 13854 | D:8      | Found a shadowy altar of Dithmenos.
 13860 | D:8      | Found a hazy altar of Hepliaklqana.
 14082 | D:8      | Reached XP level 10. HP: 50/50 MP: 19/28
 15261 | D:7      | Found Zanyub's CLEARANCE SALE!.
 15290 | D:7      | Killed Joseph
 15590 | D:6      | Found a shimmering altar of Xom.
 15751 | D:6      | Reached skill level 13 in Spellcasting
 16066 | D:6      | Reached skill level 5 in Air Magic
 17241 | D:9      | Found a glowing silver altar of Zin.
 17292 | D:9      | Noticed Maurice
 17297 | D:9      | Killed Maurice
 17860 | D:9      | Reached skill level 10 in Stealth
 17871 | D:9      | Learned a level 4 spell: Animate Dead
 17932 | D:9      | Found a sparkling altar of Nemelex Xobeh.
 17949 | D:9      | Reached skill level 14 in Spellcasting
 18014 | D:9      | Reached skill level 1 in Necromancy
 18016 | D:9      | Reached ** piety under Vehumet
 18016 | D:9      | Offered knowledge of Sandblast by Vehumet.
 18644 | D:9      | Reached XP level 11. HP: 54/54 MP: 23/31
 18925 | D:9      | Found a shimmering blue altar of Sif Muna.
 19200 | D:10     | Entered Level 10 of the Dungeon
 19201 | D:10     | Identified the +8 scale mail "Zagg" {Str+2 Int+5}
 19207 | D:10     | Found a runed translucent door.
 19218 | D:10     | Found a basalt altar of Yredelemnul.
 20183 | D:10     | Found a staircase to the Lair.
 20247 | Lair:1   | Entered Level 1 of the Lair of Beasts
 20511 | Lair:1   | Learned a level 1 spell: Sandblast
 20529 | Lair:1   | Reached skill level 15 in Spellcasting
 20849 | Lair:1   | Reached skill level 10 in Ice Magic
 20850 | Lair:1   | Offered knowledge of Scorch by Vehumet.
 20945 | Lair:1   | Mangled by a blink frog

Illustrated notes

Levels and vault maps discovered:
D:1:      minmay_arrival_up_and_down, layout_basic
D:2:      layout_loops_ring, basic_altar
D:3:      layout_basic, mainiacjoe_overflow_tiny_flanked,
          nicolae_ecumenical_oubliette, uniq_jessica, uniq_natasha,
          uniq_sigmund, uniq_ijyb, uniq_crazy_yiuf_cottage
D:4:      cheibrodos_barr_body, layout_loops_cross, uniq_duvessa,
          uniq_blork_the_orc
D:5:      layout_loops_corners, uniq_prince_ribbit1
D:6:      minmay_octagon_keep, layout_cave_pods, hangedman_ru_absence,
          mainiacjoe_overflow_alcove_2, vehumet_altar_wand_db, serial_shops,
          nicolae_shop_tiny_real_fake_doors, uniq_menkaure
D:7:      layout_loops_ring, grunt_ministairs_2, nicolae_shop_clearance,
          uniq_joseph
D:8:      layout_cave_pools, riverfiend_overflow_shadow_ancestor,
          overflow_temple_1_default, enter_ossuary_4, fungi_pond_lemuel
D:9:      layout_basic, nicolae_sif_muna_little_library,
          nemelex_xobeh_ov_fountains_minmay,
          mainiacjoe_overflow_small_starburst, uniq_maurice
D:10:     layout_gridville, lemuel_crystal_altar, dk_yredelemnul_ordeal,
          david_lair_shrubbed, nicolae_lava_and_water
Lair:1:   layout_small_grid, grunt_megastairs_5

Skill      XL: |  1  2  3  4  5  6  7  8  9 10 11 |
---------------+----------------------------------+-----
Stealth        | 3 4 5 6 7 9 10 11 | 11.2
Spellcasting   | 4 5 6 7 9 10 12 14 15 | 15.5
Ice Magic      | 5 6 7 8 9 10 | 10.2
Air Magic      | 2 4 6 |  6.9
Necromancy     | 2 4 |  4.4
Dodging        | |  2.5

Action                     |  1- 3 |  4- 6 |  7- 9 | 10-12 || total
---------------------------+-------+-------+-------+-------++-------
  Melee: Short sword       |     1 |    21 |    50 |       ||    72
         Punch             |       |       |     1 |       ||     1
   Cast: Freeze            |    43 |    42 |    44 |     4 ||   133
         Frozen Ramparts   |     1 |    16 |    35 |    15 ||    67
         Ozocubu's Armour  |       |     8 |    24 |    16 ||    48
         Wereblood         |       |     5 |     8 |     1 ||    14
         Summon Ice Beast  |       |       |    22 |    29 ||    51
         Airstrike         |       |       |     6 |     6 ||    12
         Summon Lightning  |       |       |     1 |    10 ||    11
         Spider Form       |       |       |     1 |       ||     1
         Animate Dead      |       |       |       |    10 ||    10
  Evoke: Wand              |       |       |     1 |     5 ||     6
    Use: Scroll            |     2 |     1 |     4 |     9 ||    16
         Potion            |     1 |     3 |     6 |     3 ||    13
   Stab: Distracted        |       |       |     1 |       ||     1
 Armour: Robe              |     5 |     4 |    61 |    21 ||    91
  Dodge: Dodged            |    24 |    41 |   140 |    71 ||   276

Table legend: (Time is in decaauts)
 A = Elapsed time spent in this place.
 B = Non-inter-level travel time spent in this place.
 C = Inter-level travel time spent in this place.
 D = Time resting spent in this place.
 E = Time spent auto-exploring this place.
 F = Levels seen in this place.
 G = Mean time per level.
                   A        B        C        D        E       F      G
               +--------+--------+--------+--------+--------+-----+--------+
         Total |  20928 |  20553 |    375 |  12264 |   4917 |  11 | 1902.5 |
       Dungeon |  20231 |  19856 |    375 |  11799 |   4852 |  10 | 2023.1 |
          Lair |    697 |    697 |      0 |    465 |     65 |   1 |  697.0 |
               +--------+--------+--------+--------+--------+-----+--------+

Top non-repeatable levels by time:
     D:6: 3399 daAuts
     D:5: 2694 daAuts
     D:4: 2408 daAuts
     D:3: 2360 daAuts
     D:7: 2358 daAuts
     D:9: 1960 daAuts
     D:8: 1371 daAuts
     D:1: 1367 daAuts
     D:2: 1263 daAuts
    D:10: 1046 daAuts
  Lair:1: 697 daAuts
